Map: Tours du crépuscule

Players

zidar

  • Race: Zerg Zerg
  • League: Silver
  • Spawn Location: 7:00

VILI - Winner!

  • Race: Protoss Protoss
  • League: Silver
  • Spawn Location: 1:00

VOD

Have the link to the VOD?

Description

Time

  • Played on: Dec. 10, 2015, 8:40 a.m.
  • Length: 15:00
Show
View Real Time Build Order
Export as new Build Order

zidar Zerg 

Build Orders: Hatch First 

Get SALT Encoding   

  12  0:02  Drone  
  13  0:12  Overlord  
  13  0:17  Drone  
  14  0:30  Drone x2  
  17  0:35  Drone  
  17  0:55  Hatchery  
  17  0:57  Drone  
  17  1:02  Drone  
  18  1:15  Spawning Pool  
  17  1:20  Extractor  
  17  1:21  Drone  
  17  1:35  Drone  
  17  1:36  Drone  
  19  1:42  Overlord  
  19  1:59  Drone  
  20  2:03  Queen  
  22  2:13  Queen  
  24  2:16  Zergling x6  
  27  2:28  Zergling x4  
  29  2:36  Metabolic Boost  
  29  2:42  Roach Warren  
  28  3:08  Extractor  
  28  3:09  Drone x6  
  32  3:39  Roach x2  
  36  3:42  Overlord  
  36  3:43  Overlord  
  36  3:44  Overlord  
  36  4:05  Roach x5  
  46  4:23  Overlord  
  46  4:24  Overlord  
  46  4:25  Overlord  
  46  4:35  Lair  
  46  4:46  Drone x4  
  46  4:47  Drone x4  
  49  5:33  Roach  
  49  5:34  Roach x11  
  69  6:12  Glial Reconstitution  
  69  6:15  Queen  
  71  6:41  Hydralisk Den  
  70  6:55  Ravager x5  
  75  7:06  Extractor  
  75  7:07  Extractor  
  73  7:09  Drone x3  
  76  7:22  Overlord x4  
  76  7:23  Overlord  
  67  7:45  Hydralisk  
  67  7:46  Hydralisk x6  
  81  8:05  Overseer  
  81  8:12  Muscular Augments  
  71  8:43  Hydralisk  
  71  8:44  Hydralisk x6  
  85  8:52  Zergling x12  
  39  10:02  Hydralisk  
  39  10:03  Hydralisk x5  
  45  10:28  Hydralisk x4  
  53  10:36  Hydralisk x2  
  53  10:41  Hydralisk x3  
  63  10:47  Hydralisk x3  
  69  10:52  Hydralisk  
  69  10:53  Hydralisk  
  73  11:02  Hydralisk  
  73  11:03  Hydralisk  
  77  11:08  Hydralisk  
  77  11:09  Hydralisk x2  
  83  11:26  Drone x6  
  43  13:01  Hydralisk  
  43  13:02  Hydralisk x16  
  74  13:41  Hydralisk x2  
  74  13:42  Hydralisk x4  
  74  13:43  Hydralisk x4  
  94  14:20  Hatchery  
Show
View Real Time Build Order
Export as new Build Order

VILI Protoss - Winner!

Build Orders: Carriers 

Get SALT Encoding   

  12  0:01  Probe (Chrono Boost)  
  13  0:11  Probe (Chrono Boost)  
  14  0:18  Pylon  
  14  0:27  Probe (Chrono Boost)  
  15  0:36  Gateway  
  15  0:42  Probe (Chrono Boost)  
  16  0:47  Assimilator  
  16  0:52  Probe (Chrono Boost)  
  17  1:02  Assimilator  
  17  1:03  Probe (Chrono Boost)  
  18  1:13  Probe (Chrono Boost)  
  19  1:22  Pylon  
  19  1:24  Probe (Chrono Boost), Cybernetics Core  
  20  1:34  Probe (Chrono Boost)  
  21  1:45  Probe (Chrono Boost)  
  22  1:55  Probe (Chrono Boost)  
  22  1:57  Pylon  
  23  2:06  Mothership Core (Chrono Boost)  
  23  2:08  Adept  
  27  2:09  Warp Gate (Chrono Boost)  
  27  2:12  Pylon  
  27  2:39  Nexus  
  26  3:09  Adept  
  28  3:15  Gateway  
  28  3:16  Gateway  
  28  3:20  Pylon  
  28  3:38  Mothership Core  
  30  3:57  Pylon  
  30  3:59  Probe  
  29  4:06  Probe  
  30  4:11  Probe  
  31  4:17  Probe  
  31  4:18  Stalker  
  31  4:23  Adept x2, Probe  
  39  4:35  Probe  
  40  4:50  Stargate  
  40  4:58  Nexus, Adept  
  40  4:59  Adept x2  
  42  5:31  Pylon  
  42  5:33  Pylon  
  42  5:37  Void Ray (Chrono Boost)  
  46  6:17  Void Ray (Chrono Boost)  
  42  6:36  Probe x2  
  42  6:37  Probe  
  45  6:43  Gateway  
  45  6:44  Gateway  
  45  6:46  Gateway, Probe  
  45  6:47  Probe  
  45  6:49  Probe  
  45  6:53  Pylon  
  48  6:54  Pylon  
  48  6:56  Sentry  
  48  6:57  Sentry, Probe, Stalker, Pylon  
  55  7:02  Probe  
  55  7:04  Void Ray (Chrono Boost)  
  55  7:06  Protoss Air Weapons Level 1 (Chrono Boost)  
  60  7:14  Probe x3  
  63  7:24  Probe x2, Stalker x2  
  63  7:26  Probe  
  64  7:38  Probe  
  65  7:45  Pylon  
  65  7:47  Stalker x3  
  71  7:52  Void Ray  
  75  8:08  Assimilator  
  75  8:09  Probe, Assimilator  
  75  8:10  Probe  
  77  8:17  Fleet Beacon  
  77  8:19  Pylon  
  77  8:20  Assimilator  
  77  8:21  Pylon  
  77  8:24  Assimilator  
  73  8:40  Void Ray  
  69  8:45  Stalker x4  
  77  8:55  Probe x2  
  77  8:56  Probe  
  80  9:35  Robotics Facility  
  80  9:41  Stargate x2  
  80  9:44  Probe  
  80  9:45  Probe  
  80  9:46  Probe  
  80  9:50  Carrier  
  77  9:53  Pylon  
  77  9:55  Probe  
  77  9:58  Probe  
  65  10:13  Nexus  
  65  10:17  Pylon  
  65  10:19  Pylon  
  65  10:20  Mothership Core  
  67  10:36  Assimilator  
  67  10:40  Assimilator  
  79  10:43  Pylon  
  79  10:45  Pylon  
  79  10:47  Protoss Air Weapons Level 2 (Chrono Boost)  
  79  10:49  Observer  
  86  11:04  Carrier x2  
  86  11:06  Pylon  
  86  11:11  Observer  
  87  11:16  Carrier  
  87  11:21  Pylon  
  87  11:31  Warp Prism  
  89  11:43  Pylon  
  89  11:57  Pylon  
  95  12:10  Zealot x5  
  99  12:20  Zealot  
  91  12:29  Carrier x2  
  81  12:40  Zealot x4  
  81  12:41  Carrier  
  89  12:53  Probe x3  
  89  12:54  Probe  
  93  13:03  Probe x3  
  96  13:06  Probe  
  97  13:14  Probe x3  
  97  13:16  Zealot x4  
  97  13:17  Zealot  
  97  13:18  Probe  
  111  13:24  Probe  
  111  13:25  Probe x2  
  114  13:30  Probe  
  109  13:44  Pylon  
  109  13:48  Zealot x2  
  113  13:55  Carrier, Zealot x2  
  113  14:02  Zealot x2  
  116  14:36  Zealot x4  
  116  14:37  Zealot  
  114  14:58  Zealot x3  
Tags
 
Add a new tag
Caveats
  • Supply blocks, unpowered buildings, or Contaminate may cause inaccurate times.
  • Supply counts are checked every 10 seconds.